[Event "10th Floripa Open 2024"]
[Site "Florianopolis"]
[Date "2024.01.28"]
[Round "9.6"]
[White "Do Valle Cardoso, Lucas"]
[Black "Labussiere, Yago"]
[Result "1-0"]
[ECO "B30"]
[WhiteElo "2392"]
[BlackElo "2167"]
[Annotator "TA"]
[PlyCount "95"]
[EventDate "2024.01.10"]
[EventType "swiss"]
[EventCountry "BRA"]
[SourceTitle "playchess.com"]
[Source "ChessBase"]
[SourceQuality "1"]
[TimeControl "5400+30"]

1. e4 c5 2. Nf3 Nc6 3. Nc3 Nf6 4. Bb5 Qc7 5. O-O Nd4 6. Re1 a6 7. Bf1 e5 8. h3 Be7 9. a4 {[%emt 0:05:58] The position is equal.} d6 10. Bc4 O-O 11. d3 h6 12. Nd2 Be6 13. Nf1 Nc6 14. Ne3 Nb4 15. Bd2 Qd7 16. Qf3 Rad8 17. a5 d5 (17... Qc7 $14) 18. exd5 $16 Nfxd5 19. Nexd5 Nxd5 20. Bxd5 Bxd5 21. Qg3 Qc6 22. Rxe5 {[%emt 0:06:02] White is more active.} (22. Qxe5 Bf6 23. Nxd5 Rxd5 $14) 22... Bf6 23. Rxd5 (23. Rh5 {is interesting.} Bxc3 24. Bxc3 Qg6 25. b3) 23... Rxd5 24. Nxd5 Qxd5 25. Bxh6 (25. Qf3 {simplifies} Qxf3 26. gxf3 Rb8 27. Rb1) 25... Re8 26. Ra4 ({Better is} 26. Be3 $16) 26... Qh5 $1 $11 (26... Re1+ 27. Kh2 Re2 28. Rc4 $18 (28. Rg4 Qe5 $16)) 27. Be3 {[%emt 0:06:05] Threatens to win with Rg4.} Qd1+ 28. Kh2 {[%emt 0:00:02] And now Rg4 would win.} Qxc2 29. Rc4 Qxd3 30. Rxc5 (30. Bxc5 $2 {perishes.} Qxc4 31. Bd6 Qd4 $19 (31... Bxb2 $2 32. Qf3 $19)) 30... Bxb2 31. Qf3 Qd7 32. g3 Rc8 (32... Rd8 $11) 33. Rd5 $14 Qe6 34. Kg2 (34. Rd3 $1 $16) 34... Bc3 35. h4 Re8 36. Bb6 Qe4 37. Qxe4 Rxe4 {[%emt 0:00:02][%mdl 4096] Endgame. KRB-KRB} 38. Rd8+ Kh7 39. Rd7 f6 40. Rc7 Bd2 41. Rxb7 Re5 42. Bd4 Rf5 (42... Re6 $16) 43. Rd7 $1 $18 {[%emt 0:03:10] g4 would now be deadly.} Bxa5 $2 {[%emt 0:01:16] [#]} (43... Kg6 {is a better defense.} 44. Bxf6 Kxf6) 44. g4 $1 Rf4 {[%emt 0:00:25] [#]} 45. Kg3 Bc7 (45... Rxd4 $142 46. Rxd4 Be1) 46. Bxf6 {[%emt 0:01:32] White is clearly winning.} ({Worse is} 46. Rxc7 Rxd4 47. Rc6 Rd3+ 48. Kf4 a5 $11) 46... Kg8 (46... Rxf6+ $142 47. Rxc7 Kg8) 47. Rxg7+ Kf8 48. Rxc7 {[%emt 0:00:05] Weighted Error Value: White=0.10 (very precise) /Black=0.26 (precise) .  Mistake:       	White=2     	Black=6      Inaccurate:     	White=1     	Black=3      OK:         	White=16    	Black=9      Best:        	White=7     	Black=5      Strong:       	White=2     	Black=1} 1-0

[Event "10th Floripa Open 2024"]
[Site "Florianopolis"]
[Date "2024.01.28"]
[Round "9.7"]
[White "Perez Gormaz, Matias"]
[Black "De Carvalho, Jose Jorge"]
[Result "1-0"]
[ECO "B31"]
[WhiteElo "2388"]
[BlackElo "2119"]
[Annotator "TA"]
[PlyCount "35"]
[EventDate "2024.01.10"]
[EventType "swiss"]
[EventCountry "BRA"]
[SourceTitle "playchess.com"]
[Source "ChessBase"]
[SourceQuality "1"]
[TimeControl "5400+30"]

1. e4 c5 2. Nf3 Nc6 3. Bb5 g6 4. O-O Bg7 5. c3 e5 {[%emt 0:00:00] [#]} 6. d4 $1 exd4 7. Bf4 Nge7 (7... a6 $11 8. Bc4 d6) 8. Bd6 $14 Qb6 {[%emt 0:00:00] White is slightly better.} 9. Na3 {[%emt 0:11:31] Hoping for Bd3.} a6 ({Better is} 9... Nd8 $14 10. Bg3 O-O) 10. Bxc6 ({White should try} 10. Ba4 $16) 10... Qxc6 11. Bxe7 dxc3 $2 {[%emt 0:00:00][%mdl 8192] A mistake that costs the game.} (11... Kxe7 $11 {and Black has nothing to worry.} 12. cxd4 b5) 12. Bd6 $18 {[%emt 0:02:10] aiming for Nc4.} cxb2 13. Rb1 {[%emt 0:00:08] Nc4 would now be deadly.} c4 (13... b5 {might work better.} 14. e5 Bb7 15. Rxb2 Bf8) 14. e5 ({But not} 14. Ne5 Bxe5 15. Bxe5 O-O 16. Bxb2 (16. Rxb2 b5 $18) 16... Qxe4 $18) 14... c3 (14... Bf8 $142 15. Nd4 (15. Rxb2 c3 $18) 15... Qd5) 15. Nd4 Qd5 {[%emt 0:00:00] [#]} 16. Nf5 $1 Qc6 (16... Qxd1 17. Nxg7+) 17. Nxg7+ Kd8 18. Qd4 {[%emt 0:02:20] Weighted Error Value: White=0.31/Black=1.30.  Loses game:     	---       	Black=1      Mistake:       	White=1     	Black=4      Inaccurate:     	---       	Black=1      OK:         	White=4     	Black=1      Best:        	White=2     	---} 1-0

[Event "10th Floripa Open 2024"]
[Site "Florianopolis"]
[Date "2024.01.28"]
[Round "9.8"]
[White "Perdomo, Leandro"]
[Black "Ribeiro, Matheus Mendes Domin"]
[Result "1-0"]
[ECO "D32"]
[WhiteElo "2382"]
[BlackElo "2130"]
[Annotator "TA"]
[PlyCount "97"]
[EventDate "2024.01.10"]
[EventType "swiss"]
[EventCountry "BRA"]
[SourceTitle "playchess.com"]
[Source "ChessBase"]
[SourceQuality "1"]
[TimeControl "5400+30"]

1. d4 d5 2. c4 e6 3. Nc3 c5 4. cxd5 exd5 5. Nf3 Nc6 6. dxc5 d4 7. Na4 Bxc5 8. Nxc5 Qa5+ 9. Bd2 Qxc5 {[%emt 0:00:19] White is slightly better.} 10. b4 Qe7 (10... Qf5 $11) 11. Qa4 $16 {[%emt 0:21:34][%cal Ob4b5] And now b5! would win.} Nf6 12. b5 $1 Ne5 13. Qxd4 Nxf3+ 14. gxf3 O-O 15. Bb4 Qd8 16. Qb2 {[%emt 0:11:52] White has more active pieces. The black rooks are passive.} (16. Qxd8 {simplifies} Rxd8 17. Be7 Re8 18. Bxf6 gxf6 19. f4) 16... Re8 17. Rg1 Nh5 $1 18. Rd1 Qh4 19. Rd4 Qxh2 20. Rg2 Qh1 21. Rd5 $40 {[%emt 0:09:27][%cal Od5h5][%mdl 128] White mounts an attack.} f6 (21... g6 $1 $11 22. Qd4 f6 (22... Be6 $2 23. Bc3 $18)) 22. Bd6 $1 {[%emt 0:00:03] White stays focused until the end.} Be6 {[%emt 0:00:54] [#]} 23. Rd4 (23. Rh2 Qxh2 24. Bxh2 Bxd5 $14) 23... Bh3 {[%emt 0:03:56] [#]} (23... Bf7 $16) 24. Rh4 $1 $18 (24. Qb3+ Kh8 25. Rh4 Rac8 $19) 24... Bxg2 (24... Rad8 25. Rxh3 Qxh3 26. Rxg7+ Kxg7 27. Bxh3 Rxd6) 25. Rxh1 Bxh1 26. Bh3 Rad8 27. Qb3+ Kh8 28. Bc7 Ra8 29. Bg4 g6 30. Kf1 Ng7 31. Qb2 ({Much less strong is} 31. Qf7 f5 32. Bh3 g5 $18) 31... f5 32. Bh3 Re7 33. Be5 Rae8 34. Bxg7+ Rxg7 35. Kg1 Bxf3 36. exf3 h6 37. Bf1 Kh7 38. Bc4 b6 39. Qf6 Ree7 $2 (39... Rb8 40. Bd5 Rc8) 40. Be6 {[%emt 0:00:57] aiming for Kf1.} Rc7 $2 (40... Re8 41. Kh2 Ree7) 41. Qd8 {[%emt 0:00:29][%cal Oe6g8] Bg8+! is the strong threat.} Rb7 $2 (41... Rc1+ 42. Kg2 Re1) 42. Kg2 h5 43. f4 Rbe7 {[%emt 0:00:10] [#]} 44. Bg8+ $1 Kh6 (44... Rxg8 45. Qxe7+) 45. Kh3 (45. Kg3 $142 h4+ 46. Kxh4 (46. Kh3 g5 $18) 46... Rh7 47. Qf8+ (47. Bxh7 Rxh7 48. Kg3 Kg7 $18) 47... Rhg7 48. Qf6 Rxg8 49. Qxe7 Rc8 50. Qxa7 (50. Qg5+ Kg7 $18)) 45... g5 46. Qd6+ {[%emt 0:00:15] White mates.} Rg6 47. fxg5+ Kg7 48. Qxe7+ Kxg8 49. Kh4 {[%emt 0:00:14] Weighted Error Value: White=0.14 (very precise) /Black=0.57.  Mistake:       	---       	Black=7      Inaccurate:     	White=3     	Black=2      OK:         	White=17    	Black=14     Best:        	White=2     	Black=5      Strong:       	White=3     	Black=1} 1-0

[Event "10th Floripa Open 2024"]
[Site "Florianopolis"]
[Date "2024.01.28"]
[Round "9.9"]
[White "El Debs, Felipe de Cresce"]
[Black "Cunha, Lucas Aguiar"]
[Result "1-0"]
[ECO "D43"]
[WhiteElo "2527"]
[BlackElo "2230"]
[Annotator "TA"]
[PlyCount "79"]
[EventDate "2024.01.10"]
[EventType "swiss"]
[EventCountry "BRA"]
[SourceTitle "playchess.com"]
[Source "ChessBase"]
[SourceQuality "1"]
[TimeControl "5400+30"]

1. d4 d5 2. c4 c6 3. Nf3 Nf6 4. Nc3 e6 5. Qd3 dxc4 6. Qxc4 b5 7. Qd3 a6 8. Bg5 Nbd7 9. a4 Bb7 10. e3 {[%emt 0:01:41] Schwarz hat minimalen Vorteil.} h6 11. Bxf6 gxf6 12. Be2 b4 13. Ne4 f5 14. Ned2 c5 15. O-O Rg8 16. Rac1 Bd6 (16... cxd4 $11 {bleibt in der Remisbreite.} 17. exd4 h5) 17. Rfd1 {[%emt 0:56:52] Jetzt gehts bergab für Schwarz.} Bd5 18. e4 fxe4 19. Nxe4 Bf4 20. dxc5 {[%emt 0:00:00][%cal Oc5c6] Schwarz muss nun c6! beachten.} Bxc1 21. Rxc1 Qc7 {[%emt 0:10:09] [#]} (21... Ke7 $16) 22. c6 $1 $18 Bxc6 (22... Ke7 23. Qd2) 23. Qc4 (23. Qd6 Qxd6 24. Nxd6+ Ke7 25. Rxc6 a5 $18) 23... Rc8 $2 (23... Rg4 24. Nfd2 (24. Qxc6 $2 Qxc6 25. Rxc6 Rxe4 $19) (24. Nd6+ Qxd6 25. Qxg4 Bxa4 $14) 24... Rg8 (24... Ne5 $2 25. Qc5 $18)) 24. Qxb4 {[%emt 0:00:00] Und Nd6+ würde nun gewinnen.} Qb8 25. Nd6+ {[%emt 0:00:00] Ein dynamisches Springerpaar.} Kf8 26. Qa3 {[%emt 0:00:00] [#] Droht Matt per Nf5+.} (26. Nxc8+ $2 {ist das falsche Schlagen.} Qxb4 27. Rxc6 Qe4 $19 (27... Qxb2 $2 28. Bf1 $19) (27... Qxa4 $2 28. Rc7 $19)) ({Viel schwächer ist} 26. Qxb8 Rxb8 27. Rxc6 Rxb2 $18) 26... Kg7 {[%emt 0:01:09] ...Bxf3 ist eine echte Drohung.} 27. Nxc8 (27. Bxa6 Rc7 $18) 27... Rxc8 28. Bxa6 Bb7 29. Rxc8 Qxc8 30. Bf1 Kg8 31. a5 {[%emt 0:00:00][%cal Ba4a5,Ba5a6][%mdl 32] Weiß steht klar auf Gewinn.} Nf6 32. a6 Ba8 33. b4 Nd5 34. b5 Qc7 35. Qa1 Nb6 36. Qf6 Nd7 37. Qxh6 {[%emt 0:00:00] Droht Bd3 und aus.} Bxf3 38. gxf3 Nc5 39. Qg5+ Kf8 40. h4 {[%emt 0:09:26] Gewichteter Fehlerwert: Weiß=0.06 (makellos) /Schwarz=0.35.  Fehler:       	---       	Schwarz=3     Ungenau:       	Weiß=1     	Schwarz=3     OK:         	Weiß=15    	Schwarz=7     Bester:       	Weiß=2     	Schwarz=3} 1-0

[Event "10th Floripa Open 2024"]
[Site "Florianopolis"]
[Date "2024.01.28"]
[Round "9.10"]
[White "Rodrigues, Edgar"]
[Black "Cuenca Jimenez, Jose Fernando"]
[Result "0-1"]
[ECO "B78"]
[WhiteElo "2233"]
[BlackElo "2514"]
[Annotator "TA"]
[PlyCount "60"]
[EventDate "2024.01.10"]
[EventType "swiss"]
[EventCountry "BRA"]
[SourceTitle "playchess.com"]
[Source "ChessBase"]
[SourceQuality "1"]
[TimeControl "5400+30"]

1. e4 c5 2. Nf3 d6 3. d4 cxd4 4. Nxd4 Nf6 5. Nc3 g6 6. Be3 Bg7 7. f3 O-O 8. Qd2 Nc6 9. Bc4 Bd7 10. O-O-O Rc8 11. Bb3 Ne5 12. h4 h5 13. Bg5 Rc5 14. g4 hxg4 15. f4 Nc4 16. Qe2 (16. Qd3 $1 $11 b5 17. f5) 16... Na5 $17 17. h5 {[%emt 0:06:15] [#]} Rxg5 $1 18. fxg5 Nxh5 {[%emt 0:00:06] Hoping for ...Nxb3+. Black is better.} 19. Rxh5 $4 {[%emt 0:03:06][%mdl 8192] Loses the game.} gxh5 $19 ({Much less strong is} 19... Nxb3+ 20. Nxb3 gxh5 21. Qh2 Bxc3 22. Qxh5 $19) 20. Qh2 Nxb3+ 21. Nxb3 Bxc3 22. bxc3 Kg7 23. e5 Bf5 {[%emt 0:01:24] Black is clearly winning.} 24. Qf4 Bg6 25. exd6 exd6 26. Rxd6 Qe7 {[%emt 0:00:23] ...Re8 would now be deadly.} 27. Nc5 (27. Qd4+ $142 Kg8 28. Qf4) 27... Re8 {[%emt 0:02:23] ...Qe5 is the strong threat.} 28. Rd5 Qe3+ 29. Qxe3 Rxe3 30. Kd2 Re7 {[%emt 0:01:48] Weighted Error Value: White=1.23/Black=0.02 (flawless) .  Loses game:     	White=1     	---        Mistake:       	White=1     	---        Inaccurate:     	White=2     	---        OK:         	White=1     	Black=6      Best:        	---       	Black=1} 0-1

[Event "10th Floripa Open 2024"]
[Site "Florianopolis"]
[Date "2024.01.28"]
[Round "10.1"]
[White "Tari, Aryan"]
[Black "Do Valle Cardoso, Lucas"]
[Result "1/2-1/2"]
[ECO "C65"]
[WhiteElo "2623"]
[BlackElo "2392"]
[Annotator "TA"]
[PlyCount "64"]
[EventDate "2024.01.10"]
[EventType "swiss"]
[EventCountry "BRA"]
[SourceTitle "playchess.com"]
[Source "ChessBase"]
[SourceQuality "1"]
[TimeControl "5400+30"]

1. e4 e5 2. Nf3 Nc6 3. Bb5 Nf6 4. d3 Bc5 5. Bxc6 dxc6 6. h3 (6. Nxe5 $2 Qd4 7. Be3 Qxe5 $19) 6... Nd7 7. Be3 Bd6 8. Nc3 {[%emt 0:02:15] The position is equal.} c5 9. Nd2 Nb8 10. O-O Nc6 11. Ne2 O-O 12. Ng3 f6 13. a4 Be6 14. Nc4 Qd7 15. b3 Rad8 16. Qd2 Nd4 17. f3 Rf7 18. Nxd6 Qxd6 19. Rae1 b6 20. f4 exf4 21. Bxf4 Qc6 22. Kh1 f5 23. Be5 Rdf8 24. Nh5 {[%emt 0:02:33] With the idea c3.} fxe4 25. Rxf7 Rxf7 26. dxe4 {[%emt 0:02:41][%cal Oc2c3] c3! is the strong threat.} h6 {[%emt 0:09:02] [#]} (26... Bxh3 $1 $14 27. Bxd4 (27. gxh3 Nf3 $11) 27... Bg4) 27. Bxg7 ({White should play} 27. Nxg7 $1 $16 Rxg7 28. Qxh6) 27... Rxg7 $11 28. Qxh6 Nf5 29. Qf6 {[%emt 0:01:47] Chess con chili.} (29. exf5 $2 Qxg2#) ({But not} 29. Qd2 Ng3+ 30. Nxg3 Rxg3 31. Qd8+ Kg7 $15) (29. Qf4 $5 Rg6 30. Rf1 $15) 29... Ng3+ 30. Nxg3 Rxg3 31. Qd8+ Kg7 {[%emt 0:00:24] Threatens to win with ...Qd6.} 32. Rf1 {[%emt 0:02:42] [#]} (32. Qe7+ $15 Kg6 33. Rd1) 32... Qd7 {[%emt 0:05:12] Weighted Error Value: White=0.21 (precise) /Black=0.12 (very precise) .  Mistake:       	White=2     	Black=2      Inaccurate:     	White=3     	Black=3      OK:         	White=5     	Black=6      Best:        	White=2     	Black=2} (32... Qxe4 $2 {too greedy.} 33. Qxc7+ $18) (32... Qd6 $142 $1 33. Qf6+ Kg8) 1/2-1/2

[Event "10th Floripa Open 2024"]
[Site "Florianopolis"]
[Date "2024.01.28"]
[Round "10.2"]
[White "Fier, Alexandr"]
[Black "Perez Gormaz, Matias"]
[Result "1-0"]
[ECO "A14"]
[WhiteElo "2549"]
[BlackElo "2388"]
[Annotator "TA"]
[PlyCount "93"]
[EventDate "2024.01.10"]
[EventType "swiss"]
[EventCountry "BRA"]
[SourceTitle "playchess.com"]
[Source "ChessBase"]
[SourceQuality "1"]
[TimeControl "5400+30"]

1. Nf3 Nf6 2. c4 e6 3. e3 b6 4. b3 Bb7 5. Bb2 c5 6. Nc3 Be7 7. g3 O-O 8. Bg2 d5 9. O-O Nbd7 10. Qe2 Rc8 11. Rad1 Qc7 12. Nh4 dxc4 13. bxc4 {[%emt 0:00:08] The position is equal.} a6 14. f4 Rfd8 15. g4 Ne8 16. g5 Nd6 17. a4 Bxg2 18. Nxg2 Nf5 19. Qg4 Qc6 20. h4 h5 21. Qxh5 $14 Ng3 22. Qg4 {[%emt 0:00:03] Really sharp!} Nxf1 23. Rxf1 f5 (23... Nf8 $14) 24. Qe2 {[%emt 0:00:44][%mdl 1024] Black must now prevent e4. White has strong compensation.} Nf8 (24... Nb8 $1 $14) 25. Ne1 ({White should play} 25. e4 $16) 25... Rc7 26. Nf3 Qd7 ({Black should try} 26... Qe8 $11) 27. h5 Qd3 28. Qxd3 Rxd3 29. Kf2 Rd8 30. Ke2 Nd7 31. Rh1 Kf7 (31... Re8 $14) 32. Nd1 Kg8 $2 {[%emt 0:01:27] [#] Loses the game.} (32... Rb7 $16 33. Bc3 Rg8) 33. h6 $1 $18 Bf8 34. Nf2 Rc6 35. Nd3 gxh6 36. gxh6 {[%emt 0:00:04] White wants to mate with h7+.} Kh7 37. Ng5+ Kg6 38. h7 {[%emt 0:00:03][%cal Rh7h8] [#]} Bg7 39. h8=Q Rxh8 40. Rxh8 Bxh8 41. Bxh8 {[%emt 0:00:02] And now Ne5+ would win.} Rc8 42. Ne5+ {[%emt 0:00:05] White is clearly winning.} Nxe5 43. Bxe5 Rc6 44. Kd3 Kh5 45. Kc3 Kg4 46. d4 Rc8 47. Nxe6 {[%emt 0:00:20] Weighted Error Value: White=0.16 (very precise) /Black=0.42.  Mistake:       	White=1     	Black=6      Inaccurate:     	White=5     	Black=6      OK:         	White=11    	Black=14     Best:        	White=1     	Black=3      Strong:       	White=1     	---} 1-0

[Event "10th Floripa Open 2024"]
[Site "Florianopolis"]
[Date "2024.01.28"]
[Round "10.3"]
[White "Salinas Herrera, Pablo"]
[Black "Perdomo, Leandro"]
[Result "1-0"]
[ECO "C77"]
[WhiteElo "2477"]
[BlackElo "2382"]
[Annotator "RC"]
[PlyCount "71"]
[EventDate "2024.01.10"]
[EventType "swiss"]
[EventCountry "BRA"]
[SourceTitle "playchess.com"]
[Source "ChessBase"]
[SourceQuality "1"]
[TimeControl "5400+30"]

1. e4 e5 2. Nf3 Nc6 3. Bb5 a6 4. Ba4 Nf6 5. Nc3 d6 6. Bxc6+ bxc6 7. d4 Nd7 8. O-O a5 9. b3 Be7 10. Na4 O-O 11. Bb2 exd4 12. Nxd4 Bb7 13. Qg4 Ne5 14. Qg3 Bh4 15. Qe3 Bf6 16. Rad1 Ng6 17. Bc3 Re8 18. Nf5 Bc8 19. Ng3 Ba6 20. Bxf6 Qxf6 21. c4 c5 22. f4 Bb7 23. Nc3 Bc6 24. Rd3 h6 25. Qd2 Rab8 26. Nh5 Qh4 27. Rh3 Qg4 28. f5 Re5 29. Nxg7 Bxe4 30. Rg3 Qh4 31. Nxe4 Qxe4 32. fxg6 fxg6 33. Qxh6 Qd4+ 34. Kh1 Qf2 35. Rf3 Qc2 36. Ne6 1-0

[Event "10th Floripa Open 2024"]
[Site "Florianopolis"]
[Date "2024.01.28"]
[Round "10.4"]
[White "Hoffman, Alejandro"]
[Black "El Debs, Felipe de Cresce"]
[Result "0-1"]
[ECO "E91"]
[WhiteElo "2358"]
[BlackElo "2527"]
[Annotator "RC"]
[PlyCount "147"]
[EventDate "2024.01.10"]
[EventType "swiss"]
[EventCountry "BRA"]
[SourceTitle "playchess.com"]
[Source "ChessBase"]
[SourceQuality "1"]
[TimeControl "5400+30"]

1. d4 Nf6 2. c4 c5 3. d5 e6 4. Nc3 d6 5. e4 g6 6. Nf3 Bg7 7. h3 O-O 8. Be2 Re8 9. O-O exd5 10. exd5 Bf5 11. Bd3 Ne4 12. Bxe4 Bxe4 13. Nxe4 Rxe4 14. Qc2 Re8 15. Bd2 Nd7 16. Bc3 Ne5 17. Nxe5 Bxe5 18. Bxe5 Rxe5 19. f4 Re3 20. f5 Qe7 21. fxg6 hxg6 22. Rf2 Re8 23. Raf1 f5 24. b3 b6 25. Qb2 Qg5 26. Kh1 R8e7 27. Qd2 Qg3 28. Kg1 R7e4 29. Rf3 Qe5 30. Rxe3 Rxe3 31. Kf2 Qf4+ 32. Kg1 Qe4 33. Kf2 Qf4+ 34. Kg1 Qe5 35. Kf2 Qg3+ 36. Kg1 Re4 37. Rf3 Qe5 38. Qh6 Kf7 39. Qh7+ Kf6 40. Qh8+ Kg5 41. Qxe5 dxe5 42. Kf2 Rd4 43. Ke2 e4 44. Rg3+ Kf6 45. h4 a6 46. a4 b5 47. Rc3 bxa4 48. bxa4 f4 49. Rc2 Ke5 50. Rd2 a5 51. Rxd4 cxd4 52. Kd2 Kd6 53. Ke2 Kc5 54. Kd2 Kd6 55. Ke2 Ke5 56. Kd2 f3 57. gxf3 exf3 58. Kd3 Kf4 59. d6 Kg3 60. d7 f2 61. d8=Q f1=Q+ 62. Kd2 Qf2+ 63. Kd1 Qf3+ 64. Kd2 Qc3+ 65. Kd1 Qb3+ 66. Kd2 Qb4+ 67. Kd3 Qc3+ 68. Ke4 Qe3+ 69. Kd5 d3 70. Qd6+ Kg2 71. c5 d2 72. Qxg6+ Kf2 73. Qc2 Qe2 74. Kd4 0-1

[Event "10th Floripa Open 2024"]
[Site "Florianopolis"]
[Date "2024.01.28"]
[Round "10.5"]
[White "Cuenca Jimenez, Jose Fernando"]
[Black "Silva, Kaua Marques"]
[Result "0-1"]
[ECO "A47"]
[WhiteElo "2514"]
[BlackElo "2142"]
[Annotator "RC"]
[PlyCount "171"]
[EventDate "2024.01.10"]
[EventType "swiss"]
[EventCountry "BRA"]
[SourceTitle "playchess.com"]
[Source "ChessBase"]
[SourceQuality "1"]
[TimeControl "5400+30"]

1. d4 Nf6 2. Bf4 e6 3. e3 c5 4. Nf3 b6 5. Nbd2 Be7 6. h3 O-O 7. c3 Bb7 8. Bd3 cxd4 9. exd4 d6 10. O-O Nbd7 11. Re1 Re8 12. Bh2 Qc7 13. a4 a6 14. Nc4 Bf8 15. Ne3 Bc6 16. Nc2 Qb7 17. Nb4 Be4 18. Bxe4 Nxe4 19. d5 Ndf6 20. dxe6 fxe6 21. Nd4 e5 22. Nf5 a5 23. Nd3 Rad8 24. Qb3+ Kh8 25. Rad1 Qc6 26. Ne3 Nc5 27. Nxc5 Qxc5 28. Nd5 Nd7 29. Re4 Rc8 30. Ne3 Qc6 31. Rc4 Nc5 32. Qb5 Qxb5 33. axb5 Kg8 34. Nd5 Rb8 35. Kf1 Rb7 36. f3 a4 37. Bg1 Ra8 38. Ra1 Ra5 39. Rb4 Nd3 40. Raxa4 Nxb4 41. Rxb4 Ra1+ 42. Kf2 Rd1 43. c4 Ra7 44. Bh2 Be7 45. Rb3 Bh4+ 46. Ke3 Rh1 47. Nxb6 Rxh2 48. Nc8 Ra8 49. Nxd6 Be7 50. Ne4 Rxg2 51. b6 Rb8 52. Rb5 Rg6 53. Rxe5 Kf7 54. c5 Bxc5+ 55. Nxc5 Rbxb6 56. b3 Rh6 57. Re4 Rxh3 58. Kf2 Rh2+ 59. Kg3 Rb2 60. Rc4 Rg6+ 61. Kf4 Rc6 62. Ke5 h5 63. b4 Rf6 64. Ne4 Rb6 65. Nd6+ Kg6 66. f4 R6xb4 67. f5+ Kh7 68. Rc7 Re2+ 69. Kd5 Rf4 70. Rf7 Kg8 71. Ra7 Rf1 72. Ra8+ Kh7 73. Kc4 Rc2+ 74. Kd3 Rd1+ 75. Kxc2 Rxd6 76. Rb8 Rd7 77. Rb6 Rd5 78. f6 g5 79. f7 Kg7 80. Rf6 Kf8 81. Kc3 g4 82. Kc4 Rg5 83. Kd3 g3 84. Rf1 h4 85. Ke3 h3 86. Kd4 0-1

[Event "10th Floripa Open 2024"]
[Site "Florianopolis"]
[Date "2024.01.28"]
[Round "10.6"]
[White "Ticona Rocabado, Licael Roderick"]
[Black "Flores Quillas, Diego Saul Rodri"]
[Result "1-0"]
[ECO "E10"]
[WhiteElo "2350"]
[BlackElo "2429"]
[Annotator "TA"]
[PlyCount "125"]
[EventDate "2024.01.10"]
[EventType "swiss"]
[EventCountry "BRA"]
[SourceTitle "playchess.com"]
[Source "ChessBase"]
[SourceQuality "1"]
[TimeControl "5400+30"]

1. d4 Nf6 2. c4 e6 3. Nf3 c5 4. dxc5 Na6 5. Nc3 Nxc5 6. e3 {[%emt 0:00:10] E10: Blumenfeld Gambit.} b6 7. Be2 Bb7 8. O-O Be7 9. b3 O-O 10. Bb2 d6 11. Qc2 Rc8 12. Rfd1 a6 13. Rac1 Qc7 14. Nd4 $146 ({Predecessor:} 14. Nd2 Rfd8 15. Bf3 h6 16. Bxb7 Qxb7 17. Qb1 Rc7 18. a4 e5 19. e4 Rdc8 20. Nd5 Nxd5 21. cxd5 {0-1 Kretschel,K (2029)-Lederle,V (2215) Bayern-ch Rosenheim 2015 (5)}) 14... Qb8 15. Bf3 Bxf3 16. Nxf3 b5 17. b4 Ncd7 18. cxb5 axb5 19. Qe2 d5 20. Nxb5 Bxb4 21. a4 Qa8 (21... Ne4 $5) 22. Ne5 Qxa4 (22... Nxe5 {simplifies} 23. Bxe5 Qxa4 24. Bxf6 Rxc1 25. Rxc1 gxf6 26. Qg4+ Kh8) 23. Nxd7 Nxd7 24. Qg4 $1 g6 (24... Qxb5 25. Qxg7#) 25. Qd4 f6 (25... e5 $1 $11 26. Qxd5 Rxc1 27. Rxc1 Rb8) 26. Nc7 $14 Kf7 ({Better is} 26... Qb3 $1 $14 27. Rd3 (27. Nxe6 Rxc1 28. Rxc1 Ra8 $14) 27... Qa2) 27. Qg4 $1 $18 (27. e4 $6 h5 $16) 27... f5 28. Qd4 Rg8 29. e4 $1 Qa5 {[%emt 0:03:01] [#]} 30. exd5 $2 (30. exf5 $1 $18 e5 (30... gxf5 $2 31. Qh4 $18) 31. Qxd5+ Qxd5 32. Rxd5 (32. Nxd5 Rxc1 33. Bxc1 Bc5 $16)) 30... e5 $11 31. Qc4 Bd6 32. Nb5 (32. Qb5 {simplifies} Qxb5 33. Nxb5 Bc5 34. Rc2) 32... Rxc4 33. Nxd6+ Ke7 34. Nxc4 Qb5 35. Bxe5 Rc8 36. Bd6+ (36. Bc7 $1 $11 Qa6 (36... Rxc7 $2 37. d6+ Kd8 38. dxc7+ Kxc7 39. Na3+ $18) 37. Ne3) 36... Kf6 37. Ne3 Rxc1 38. Rxc1 Ne5 39. Bxe5+ Kxe5 40. Rd1 f4 41. Ng4+ Kd6 42. f3 Qe2 43. Nf2 Kd7 44. h3 h5 45. Rb1 g5 46. Ne4 Qa2 47. Re1 Qa5 48. Nf6+ Kd6 $2 (48... Kc7 $11 49. Re7+ Kd8 50. Re8+ Kc7) 49. Re6+ $18 Kc5 50. d6 $1 (50. Nxh5 Kxd5 51. Rg6 Kd4 $11) 50... Kc6 51. d7+ (51. Nxh5 Qf5 52. Ng7 Qh7 $11) 51... Kc7 {[%emt 0:00:01] [#]} 52. Kh2 $1 ({Inferior is} 52. Nxh5 Kxd7 53. Rg6 Kc8 $11) 52... g4 53. hxg4 hxg4 54. fxg4 Qg5 55. Re8 ({Not} 55. Rc6+ Kxc6 56. d8=Q Qh4+ 57. Kg1 Qe1+ 58. Kh2 Qg3+ 59. Kg1 Qe1+ 60. Kh2 Qh4+ 61. Kg1 Qe1+ $11) 55... Qh4+ 56. Kg1 Qxf6 57. d8=Q+ Qxd8 58. Rxd8 Kxd8 59. Kf2 Ke7 60. Kf3 Kf6 61. Kxf4 Kg6 62. g5 Kg7 63. Kf5 1-0